 Dungeon Crawl Stone Soup version 0.18-a0-1195-g77a4f03 (console) character file.

105 lauthentik the Sneak (level 4, 0/32 HPs)
             Began as a Vampire Enchanter on Jan 29, 2016.
             Slain by Gruud's ghost (7 damage)
             ... on level 3 of the Dungeon.
             The game lasted 00:07:39 (1881 turns).

lauthentik the Sneak (Vampire Enchanter)            Turns: 1881, Time: 00:07:40

Health: 0/32       AC:  4    Str:  7    XL:     4   Next: 53%
Magic:  8/16       EV: 13    Int: 18    God:
Gold:   104        SH:  0    Dex: 14    Spells: 3 memorised, 1 level left

rFire  . . .     SeeInvis +     m - +0 rapier
rCold  + . .     Gourm    .     b - +1 robe
rNeg   + + .     Faith    .     (no shield)
rPois  +         Spirit   .     (no helmet)
rElec  .         Dismiss  .     (no cloak)
rCorr  .         Reflect  .     k - +0 pair of gloves
SustAt .         Harm     .     (no boots)
MR     .....                    (no amulet)
Stlth  ++++......               (no ring)
                                p - ring of magical power

@: very slightly contaminated, regenerating slowly, not resistant to hostile
enchantments, stealthy
A: fangs 3, see invisible, unbreathing
a: Bat Form


You were on level 3 of the Dungeon.
You were thirsty.

You visited 1 branch of the dungeon, and saw 3 of its levels.

You collected 104 gold pieces.

Inventory:

Hand Weapons
 a - a +1 dagger
 m - a +0 rapier (weapon)
Armour
 b - a +1 robe (worn)
 i - a +0 pair of gloves
 k - a +0 pair of gloves (worn)
Jewellery
 e - an uncursed ring of flight {unknown}
 p - a ring of magical power (left hand)
Scrolls
 f - a scroll of teleportation {unknown}
 g - 3 scrolls of identify {unknown}
 h - a scroll of remove curse {unknown}
 q - a scroll of amnesia {unknown}
Potions
 d - a potion of blood
 l - a potion of magic {unknown}
 n - 2 potions of flight {unknown}
 o - a potion of haste {unknown}
 r - a potion of lignification {unknown}
Books
 c - a book of Maledictions

   Spells                             Type                      Level
   a - Corona                         Hexes                        1
   b - Ensorcelled Hibernation        Hexes/Ice                    2
   c - Confuse                        Hexes                        3
   d - Tukima's Dance                 Hexes                        3
   e - Dazzling Spray                 Conjuration/Hexes            3


   Skills:
 + Level 1.0 Fighting
 + Level 1.9 Short Blades
 + Level 2.5 Dodging
 + Level 6.0 Stealth
 + Level 2.2 Spellcasting
 + Level 5.0 Hexes
 + Level 1.0 Ice Magic


You had one spell level left.
You knew the following spells:

 Your Spells              Type           Power        Failure   Level  Hunger
a - Ensorcelled Hibernat  Hex/Ice        ##....       10%         2    ##.....
b - Corona                Hex            ###....      1%          1    #......
c - Confuse               Hex            ###.....     10%         3    ###....


Dungeon Overview and Level Annotations

Branches:
Dungeon (3/15)

Altars:
The Shining One

Annotations:
D:3 Gruud's ghost, amateur DsGl


Innate Abilities, Weirdness & Mutations

You heal slowly.
You have razor-sharp teeth.
You have supernaturally acute eyesight.
You can survive without breathing.


Message History

Gruud's ghost seems less confused.
The bat closely misses you. Gruud's ghost hits you. The bat barely misses you.
The giant cockroach barely misses you. Gruud's ghost hits you!
The bat completely misses you. Gruud's ghost hits you!
* * * LOW HITPOINT WARNING * * *
The bat hits you but does no damage. Gruud's ghost misses you.
The bat barely misses you.
Casting: Confuse
Confirm with . or Enter, or press ? or * to list all spells.
Aiming: Confuse
Press: ? - help, Shift-Dir - straight line, f/p - Gruud's ghost
Aim: Gruud's ghost (heavily damaged, chance to defeat MR: 45%) Gruud's ghost resists with some effort.
Casting: Confuse
Confirm with . or Enter, or press ? or * to list all spells.
Aiming: Confuse
Press: ? - help, Shift-Dir - straight line, f/p - Gruud's ghost
Aim: Gruud's ghost (heavily damaged, chance to defeat MR: 45%) Gruud's ghost resists with some effort.
Gruud's ghost hits you!
You die...

#.......##...
#......>.....
#.......[....
#............
#......###...
#.#.....>.... #
##.##.######.#
#.#####...#.# #W#
#..@Wsb.....# #.#
######......######..
#......<........
#............#..
#........###รท###
##.....#..##.#
##...###.##.# ##.##
..### #.# +##


You could see Gruud's ghost, a giant cockroach and a bat.

Vanquished Creatures
  Natasha (D:3)
  2 adders
  3 worms (D:2)
  3 giant geckos
  An orc (D:3)
  A ball python (D:1)
  7 bats
  3 giant cockroaches
  8 goblins
  5 hobgoblins
  2 jackals (D:2)
  2 giant newts
  3 kobolds
  9 rats
50 creatures vanquished.

Notes
Turn   | Place    | Note
--------------------------------------------------------------
     0 | D:1      | lauthentik the Vampire Enchanter began the quest for the Orb.
     0 | D:1      | Reached XP level 1. HP: 13/13 MP: 3/3
   214 | D:1      | Reached XP level 2. HP: 11/19 MP: 5/5
   218 | D:1      | Learned a level 2 spell: Ensorcelled Hibernation
   533 | D:1      | Reached XP level 3. HP: 24/24 MP: 6/6
   771 | D:2      | Reached skill level 5 in Stealth
  1414 | D:2      | Found a glowing golden altar of the Shining One.
  1437 | D:2      | Reached skill level 5 in Hexes
  1690 | D:3      | Noticed Natasha
  1708 | D:3      | Killed Natasha
  1708 | D:3      | Reached skill level 1 in Fighting
  1708 | D:3      | Reached XP level 4. HP: 7/32 MP: 7/7
  1710 | D:3      | Reached skill level 1 in Ice Magic
  1801 | D:3      | Noticed Gruud's ghost (amateur DsGl)
  1807 | D:3      | Reached skill level 6 in Stealth
  1822 | D:2      | Learned a level 3 spell: Confuse
  1881 | D:3      | Slain by Gruud's ghost

Vault maps used:
D:1:      lemuel_arrival_lava_pool
D:2:      overflow_temple_1_default, first_bread
D:3:      minmay_door_path, grunt_ministairs_11, saegor_snake_ambush,
          uniq_natasha

Action                   |  1- 3 |  4- 6 || total
-------------------------+-------+-------++-------
Melee: Dagger            |    56 |       ||    56
       Rapier            |    29 |    20 ||    49
 Cast: Corona            |     6 |       ||     6
       Ensorcelled Hiber |    23 |     4 ||    27
       Confuse           |       |     3 ||     3
 Stab: Sleeping          |    32 |     5 ||    37
       Confused          |       |     2 ||     2
  Eat: Corpse            |       |     1 ||     1
